Felder, chaotic male elven Wizard ----------- ---------------- |..........# ---------- #...............| |.........|# |.....[..-##############|..............| |.......*.|# |........| #+..............| |>.....#..|# |........| ###|..............| -----------# ---.-|---- # #----------.----- # ### @a# `############ # ### f # # #### #### # #---------.- # #|.........- | #.<........| |(........| |^........| |.......... ----------- Felder the Thaumaturge Experience level: 7 Strength: 14 Dexterity: 12 Constitution: 16 Intelligence: 17 Wisdom: 10 Charisma: 13 Health: 0(50) Energy: 43(53) Def: 4 Gold: 0 Moves: 6034 Dungeon seed: 405CaY1qyInfINmV Game ID: Felder_1616435093 Your Inventory: Weapons a - a blessed +1 quarterstaff (weapon in hands) p - 9 +1 arrows E - 21 +0 arrows F - a +0 bow Armor e - an uncursed +0 cloak of magic resistance (being worn) r - an uncursed +0 orcish helm (being worn) y - an uncursed +0 leather armor (being worn) Comestibles t - 2 uncursed tripe rations w - an uncursed food ration Scrolls i - an uncursed scroll of teleportation C - a cursed scroll of enchant armor Potions k - a cursed potion of extra healing s - 2 uncursed potions of extra healing B - a blessed potion of gain ability Rings c - an uncursed ring of polymorph control (on right hand) d - an uncursed ring of cold resistance (on left hand) v - a cursed -1 ring of gain strength D - a cursed -2 ring of adornment Wands b - a wand of teleportation (0:6) X - a wand of magic missile (0:4) Tools j - 7 uncursed wax candles (0:400) V - an uncursed skeleton key W - an uncursed sack Y - a +0 pick-axe Contents of the sack: 1076 gold pieces a cursed +0 cloak of magic resistance 2 uncursed food rations a cursed food ration 2 uncursed fortune cookies 2 cursed tripe rations 2 cursed scrolls of confuse monster a cursed scroll of identify an uncursed scroll of remove curse an uncursed scroll of stinking cloud an uncursed scroll of taming an uncursed spellbook of cure sickness a blessed spellbook of force bolt an uncursed spellbook of light an uncursed spellbook of remove curse a cursed spellbook of slow monster an uncursed potion of healing an uncursed potion of monster detection a cursed potion of monster detection a cursed potion of object detection a cursed potion of oil an uncursed potion of paralysis a potion of unholy water a cursed ring of conflict a cursed +1 ring of gain strength a cursed ring of poison resistance a cursed ring of shock resistance a cursed wand of striking (0:4) an uncursed lock pick an uncursed amber stone an uncursed amethyst stone a cursed topaz stone an uncursed turquoise stone 4 uncursed worthless pieces of blue glass an uncursed worthless piece of green glass 2 uncursed worthless pieces of violet glass 4 uncursed worthless pieces of yellow glass 3 uncursed worthless pieces of yellowish brown glass Spells and supernatural/magical abilities: Name Level Category Fail Memory a - force bolt 1 attack 0% 70% l - light 1 divination 0% 83% K - cure sickness 3 healing 92% 70% W - pray for help -- divine ? -- Your skills at the end: Fighting Skills Weapon Skills quarterstaff [Basic] Spellcasting Skills attack spells [Basic] enchantment spells [Basic] Final Attributes: You were piously aligned. You were cold resistant. You were sleep resistant. You were poison resistant. You were magic-protected. You were telepathic. You had infravision. You had polymorph control. You are dead. Vanquished creatures: 2 ghosts 2 large mimics a small mimic a leprechaun a dwarf mummy 2 dogs a jaguar a gnome mummy 2 human zombies a soldier ant 2 water nymphs 2 ponies 3 fog clouds a shrieker 9 gnome lords 3 gnomish wizards a guardian naga hatchling an elf zombie a paper golem 5 giant ants a little dog 2 floating eyes 3 kittens 8 dwarves a homunculus 2 kobold lords a kobold shaman 5 hill orcs a rabid rat a monkey an iguana 7 killer bees 3 coyotes 2 gas spores 2 hobbits a large kobold 2 hobgoblins a giant rat 4 cave spiders a red mold 26 gnomes a gnome zombie 3 geckos a jackal a fox 3 kobolds 5 goblins 3 sewer rats 6 grid bugs 2 bats 5 lichens a kobold zombie 7 newts 155 creatures vanquished. Genocided species: mind flayers 1 species genocided. Voluntary challenges: You used a wielded weapon 113 times, starting on turn 39. You read items or engraved 3 times, starting on turn 4. You genocided 1 type of monster, starting on turn 4. You never polymorphed an object. You never changed form. You used no wishes. You never split a pudding. You never wrote Elbereth's name. You never violated your personal moral code. Dungeon overview: The Dungeons of Doom: levels 1 to 6 Level 1 an altar to Thoth a long staircase Level 2 a fountain stairs to The Gnomish Mines Level 3 some fountains Level 4 Level 5 a fountain Level 6 <- You were here a sink The Gnomish Mines: levels 3 to 6 Level 3 stairs to The Dungeons of Doom Level 4 Level 5 many shops, a temple to Ptah, some fountains Level 6 History has recorded: On T:1 you entered the Dungeons of Doom to retrieve the Amulet of Yendor! On T:459 you advanced to experience level 2. On T:499 you reached level 2 of The Dungeons of Doom. On T:766 you reached level 3 of The Dungeons of Doom. On T:919 you reached level 1 of The Gnomish Mines. On T:945 you advanced to experience level 3. On T:991 you advanced to experience level 4. On T:1495 you reached level 2 of The Gnomish Mines. On T:1532 you advanced to experience level 5. On T:1821 you reached level 3 of The Gnomish Mines. On T:1947 you advanced to experience level 6. On T:2607 you reached level 4 of The Gnomish Mines. On T:2642 you advanced to experience level 7. On T:4065 you reached level 4 of The Dungeons of Doom. On T:5235 you reached level 5 of The Dungeons of Doom. On T:5690 you reached level 6 of The Dungeons of Doom. Score breakdown: Gold: 1076 (10314 points) Experience: 7 levels (13645 points) Exploration: 6 levels ( 13.04%) (10000 points) Discoveries: 11 items ( 3.99%) ( 5989 points) Valuables value: (no points given unless you survive) Artifact value: 0 ( 0 points) Variety of kills: 53 monsters ( 13.91%) (11189 points) Turncount: 6034 turns (-1632 points) Survival: died (score multiplied by 80%) Total score: 39604 Latest messages: Mrp misses the soldier ant. The spell hits the soldier ant! The soldier ant bites! The soldier ant stings! Mrp bites the soldier ant. The soldier ant is killed! Mrp misses the soldier ant. The spell misses the soldier ant. The soldier ant bites! The soldier ant stings! Mrp misses the soldier ant. The soldier ant bites! The soldier ant stings! Mrp misses the soldier ant. The soldier ant bites! The soldier ant stings! You die... Final status: Goodbye Felder the Wizard, killed by a soldier ant... You died in The Dungeons of Doom on dungeon level 6 with 39604 points, and 1076 pieces of gold, after 6034 moves. You were level 7 with a maximum of 50 hit points when you died.